Unix NetHack Version 5.0.0-0 post-release - last build May  3 2026 23:40:34 (9823c992c0763bbd039eca2974112f46eaf799b3,branch:main).

Game began 2026-05-04 16:12:55, ended 2026-05-04 16:37:24.

1212459919, chaotic male orcish Rogue

                                                                       -----
                                                                       |.<.|
                                                                       |...|
                                                                       |...|
                                                                       |...|
                                                                       ....|
                                                                       -.---
                                                                        ###
                                                                          #
                                                                          #
                                                                    #@B######
                                                                     # ---.-.-
                                                                       |.....|
                                                                       |.....|
                                                                       ......|
                                                                       -------

1212459919 the Cutpurse  St:15 Dx:18 Co:11 In:14 Wi:10 Ch:12  Chaotic
Dlvl:4  $:13 HP:0(19) Pw:12(12) AC:7  Xp:3 T:1417  Satiated

Latest messages:
 You see here a yellow potion.
 o - a yellow potion.
 You see here a long sword.
 You see here a long sword.
 You see here a long sword.
 The door opens.
 There is a doorway here.
 You see here a dagger.
 You see here a jackal corpse.
 You descend the stairs.
 You see here 4 gold pieces.
 $ - 4 gold pieces (13 in total).
 You kill the yellow mold!
 You are beginning to feel hungry.
 You don't have anything to eat.
 You see here a food ration.
 There is a food ration here; eat it? [ynq] (n) y
 This food really hits the spot!
 You stop eating the food ration.
 You hit the hobgoblin.
 The hobgoblin hits!
 You hit the hobgoblin.
 You miss the hobgoblin.
 The hobgoblin hits!
 You kill the hobgoblin!
 Welcome to experience level 3.
 You see here a hobgoblin corpse.
 You see here a hobgoblin corpse.
 You see here a partly eaten food ration.
 There is a partly eaten food ration here; eat it? [ynq] (n) y
 You resume your meal.
 You finish eating the food ration.
 You see here a hobgoblin corpse.
 There is a hobgoblin corpse here; eat it? [ynq] (n) y
 This hobgoblin corpse is gamey.
 You finish eating the hobgoblin corpse.
 The giant bat bites!
 You hit the giant bat.
 The giant bat bites!
 The giant bat bites!
 You miss the giant bat.
 The giant bat bites!
 The giant bat just misses!
 The giant bat bites!
 You die...
 Do you want your possessions identified? [ynq] (y) y
 Do you want to see your attributes? [ynq] (y) y
 Do you want an account of creatures vanquished? [ynaq] (y) y
 Do you want to see your conduct and achievements? [ynq] (y) y
 Do you want to see the dungeon overview? [ynq] (y) y

Inventory:
 Coins    ('$')
  $ - 13 gold pieces
 Weapons  (')')
  b - 6 +0 orcish daggers (alternate weapons; not wielded)
  a - a blessed +0 orcish short sword (weapon in right hand)
 Armor    ('[')
  c - an uncursed +1 leather armor (being worn)
 Scrolls  ('?')
  l - an uncursed scroll of gold detection
  m - an uncursed scroll of identify
 Potions  ('!')
  j - an uncursed potion of restore ability
  d - an uncursed potion of sickness
  o - an uncursed potion of speed
 Tools    ('(')
  f - an empty uncursed sack
  g - an uncursed blindfold
  e - an uncursed lock pick

1212459919 the Rogue's attributes:

Background:
 You were a Cutpurse, a level 3 male orcish Rogue.
 You were chaotic, nominally on a mission for Kos
 who was opposed by Issek (lawful) and Mog (neutral).
 You were right-handed.
 You were in the Dungeons of Doom, on level 4.
 You entered the dungeon 1417 turns ago.
 There was a full moon in effect when your adventure ended.
 You had 40 experience points, 40 more were needed to attain level 4.

Basics:
 You had 0 out of 19 hit points.
 You had all 12 energy points (spell power).
 Your armor class was 7.
 Your wallet contained 13 zorkmids.
 Autopickup was off.

Final Characteristics:
 Your strength was 15 (limit:18/50).
 Your dexterity was 18 (limit:18).
 Your constitution was 11 (limit:18).
 Your intelligence was 14 (limit:16).
 Your wisdom was 10 (limit:16).
 Your charisma was 12 (limit:16).

Final Status:
 You were satiated.
 You were unencumbered.
 You were wielding a short sword.
 You had basic skill with short sword.

Final Attributes:
 You were devoutly aligned.
 You were poison resistant.
 You saw invisible.
 You had infravision.
 You were stealthy.
 You were warded.
 You were lucky.
 You are dead.

Miscellaneous:
 You didn't encounter any bones levels.
 Total elapsed playing time was 24 minutes and 28 seconds.

Major events:
 Turn
    1: 1212459919 the chaotic male orcish Rogue entered the dungeon
 1374: attained the rank of Cutpurse (level 3)
 1417: killed by a giant bat

You didn't know any spells.

Skills:
 Fighting Skills
   bare handed combat [Unskilled]
   two weapon combat  [Unskilled]
   riding             [Unskilled]
 Weapon Skills
   dagger             [Basic]
   knife              [Unskilled]
   short sword        [Basic]
   broadsword         [Unskilled]
   long sword         [Unskilled]
   two-handed sword   [Unskilled]
   saber              [Unskilled]
   club               [Unskilled]
   mace               [Unskilled]
   morning star       [Unskilled]
   flail              [Unskilled]
   hammer             [Unskilled]
   polearms           [Unskilled]
   spear              [Unskilled]
   crossbow           [Unskilled]
   dart               [Unskilled]
   shuriken           [Unskilled]
 Spellcasting Skills
   divination spells  [Unskilled]
   escape spells      [Unskilled]
   matter spells      [Unskilled]

Voluntary challenges:
 Character rerolling was not enabled.
 You were an atheist.
 You were illiterate.
 You never genocided any monsters.
 You never polymorphed an object.
 You never changed form.
 You used no wishes.
Achievements:
 You entered a shop.
 You attained the rank of Cutpurse.

 The Dungeons of Doom: levels 1 to 4
    Level 1:
       A fountain.
    Level 2:
       A general store, an altar.
    Level 3:
       A general store.
    Level 4: <- You were here.
       Final resting place for
          you, killed by a giant bat.


Vanquished creatures:
  a hobbit
  a hobgoblin
  a yellow mold
  3 jackals
  a goblin
  3 grid bugs
  5 lichens
  a kobold zombie
  2 newts
18 creatures vanquished.

No species were genocided or became extinct.

Game over:
                       ----------
                      /          \
                     /    REST    \
                    /      IN      \
                   /     PEACE      \
                  /                  \
                  |    1212459919    |
                  |      13 Au       |
                  |   killed by a    |
                  |    giant bat     |
                  |                  |
                  |                  |
                  |       2026       |
                 *|     *  *  *      | *
        _________)/\\_//(\/(/\)/\//\/|_)_______

Goodbye 1212459919 the Rogue...

You died in The Dungeons of Doom on dungeon level 4 with 322 points,
and 13 pieces of gold, after 1417 moves.
You were level 3 with a maximum of 19 hit points when you died.

